 Dungeon Crawl Stone Soup version 0.21.1-1-g345015f (webtiles) character file.

509 Mgcat the Skirmisher (level 7, -10/60 HPs)
             Began as a Barachi Berserker on Mar 3, 2018.
             Was a Believer of Trog.
             Mangled by an ogre
             ... wielding a +0 giant club
              (18 damage)
             ... on level 4 of the Dungeon.
             The game lasted 00:15:26 (2877 turns).

Mgcat the Skirmisher (Barachi Berserker)            Turns: 2877, Time: 00:15:27

Health: -10/60     AC: 12    Str: 19    XL:     7   Next: 19%
Magic:  7/7        EV:  8    Int:  8    God:    Trog [**....]
Gold:   209        SH:  0    Dex: 12    Spells: 6/6 levels left

rFire    . . .     SeeInvis .   k - +0 hand axe (chop)
rCold    . . .     Gourm    .   (no shield)
rNeg     . . .     Faith    .   f - +0 chain mail
rPois    .         Spirit   .   p - +0 helmet
rElec    .         Reflect  .   e - +0 cloak
rCorr    .         Harm     .   i - +0 pair of gloves
MR       .....                  (no boots)
Stlth    ..........             (no amulet)
HPRegen  0.20/turn              q - ring of flight {+Fly, !d}
MPRegen  0.10/turn              (no ring)

@: can't hop, berserk cooldown, slow
A: +LOS, swims, slowness 1, strong legs 1
a: Hop, Berserk, Trog's Hand, Burn Spellbooks, Renounce Religion, Evoke Flight


You were on level 4 of the Dungeon.
You worshipped Trog.
Trog was pleased with you.
You were not hungry.

You visited 1 branch of the dungeon, and saw 4 of its levels.

You collected 209 gold pieces.

Inventory:

Hand Weapons
 a - a +0 hand axe
 j - a +0 war axe
   (You took it off an orc on level 3 of the Dungeon)
 k - a +0 hand axe of chopping (weapon)
   (You found it on level 1 of the Dungeon)
Missiles
 g - 2 javelins (quivered)
Armour
 e - a +0 cloak (worn)
   (You found it on level 2 of the Dungeon)
 f - a +0 chain mail (worn)
   (You found it on level 2 of the Dungeon)
 i - a +0 pair of gloves (worn)
   (You found it on level 2 of the Dungeon)
 p - a +0 helmet (worn)
   (You found it on level 3 of the Dungeon)
Jewellery
 q - a ring of flight (left hand) {+Fly, !d}
   (You found it on level 3 of the Dungeon)
Scrolls
 d - 2 scrolls of remove curse
 l - 2 scrolls of identify
Potions
 b - a potion of heal wounds {unknown}
 h - a potion of agility
 o - a potion of brilliance {unknown}
Comestibles
 c - 11 rations
 m - 3 chunks of flesh {@w0}


   Skills:
 + Level 7.1 Fighting
 + Level 6.4 Axes
 + Level 1.2 Throwing
 - Level 2.4 Armour
 - Level 2.1 Dodging


You had 6 spell levels left.
You didn't know any spells.

Dungeon Overview and Level Annotations

Branches:
Dungeon (4/15)
 Temple: D:4-7

Altars:
Ashenzari
Cheibriados
Dithmenos
Qazlal
Ru
Vehumet
Wu Jian
Xom
Zin
The Shining One


Innate Abilities, Weirdness & Mutations

Shadows flee at your approach. (+LOS)
You can swim through water.
You cover ground slowly.
You can hop short distances.


Message History

The gnoll barely misses you. The gnoll hits you with a spear!
You hit the gnoll but do no damage. The gnoll hits you but does no damage.
Your chain mail prevents you from hitting the gnoll.
The gnoll completely misses you. The gnoll hits you but does no damage.
You barely miss the gnoll. The gnoll hits you but does no damage.
You hit the gnoll but do no damage. The gnoll barely misses you. x2
Your chain mail prevents you from hitting the gnoll.
You feel yourself speed up. The gnoll barely misses you.
Your chain mail prevents you from hitting the gnoll.
The gnoll closely misses you.
You hit the gnoll.
The gnoll is heavily wounded.
The gnoll closely misses you.
You hit the gnoll.
The gnoll is severely wounded.
The gnoll hits you with a spear.
You closely miss the gnoll.
The gnoll is severely wounded.
The gnoll hits you but does no damage.
You hit the gnoll.
The gnoll is almost dead.
The gnoll hits you with a spear.
You barely miss the gnoll.
The gnoll is almost dead.
The gnoll hits you but does no damage.
You hit the gnoll.
You kill the gnoll!
Trog accepts your kill.
Things that are here:
a spear; a gnoll corpse You recover from your berserk rage.
Eating one of 4 chunks of flesh {@w0}.
You eat one of the 4 chunks of flesh {@w0}.
This raw flesh tastes terrible.
You butcher the gnoll corpse.
m - 7 chunks of flesh {@w0} (gained 4)
You see here a spear. x2
A worm comes into view.
Some of the chunks of flesh in your inventory have rotted away.
You see here a spear.
You start resting.
HP restored.
The worm barely misses you.
You slash the worm!
The worm is severely wounded.
You hit the worm.
The worm is almost dead.
The worm bites you.
You hit the worm.
The worm is almost dead.
The worm bites you.
You hit the worm.
You kill the worm!
Trog accepts your kill.
You see here a spear.
A gnoll comes into view. It is wielding a spear of freezing.
You see here a spear.
A red film seems to cover your vision as you go berserk!
You feel yourself moving faster!
You feel mighty!
You are feeling hungry.
You feel a strong urge to attack something.
The gnoll hits you from afar with a spear of freezing.
The gnoll freezes you.
Your chain mail prevents you from hitting the gnoll.
The gnoll completely misses you.
You closely miss the gnoll. The gnoll hits you but does no damage.
You hit the gnoll.
The gnoll is severely wounded.
You barely miss the gnoll.
The gnoll is severely wounded.
The gnoll barely misses you.
You barely miss the gnoll.
The gnoll is severely wounded.
You are no longer berserk.
You are exhausted.
You feel yourself slow down. The gnoll hits you but does no damage.
You hit the gnoll.
You kill the gnoll!
Trog accepts your kill.
No target in view!
You see here a spear of freezing.
Eating one of 4 chunks of flesh {@w0}.
You eat one of the 4 chunks of flesh {@w0}.
This raw flesh tastes terrible.
You see here a spear.
l - 2 scrolls of identify (gained 1)
An ogre comes into view. It is wielding a giant club.
Found a stone staircase leading up.
You hit the ogre but do no damage. The ogre hits you with a giant club! x2
The ogre hits you with a giant club!!
* * * LOW HITPOINT WARNING * * *
Hop to where?
Press: ? - help, Dir - move target cursor Boing!
The ogre hits you but does no damage. The ogre closely misses you.
You feel yourself speed up. The ogre hits you with a giant club!!
You die...

.....#.....# ######..#
...........###.......#
......##.....#.......#####
..........................
#....###.#.........#.#####
.......#..#.#.♣..P...#
..........P≈≈≈≈≈≈≈≈..#
.#.#......O≈.≈≈≈≈≈.P.####
........@≈≈P≈≈≈≈≈≈.....#
...#.....≈♣≈≈≈≈≈≈≈≈P...##
.........P≈≈.≈♣≈.≈..#...#
.##'##......≈≈≈.≈≈P......
#8. #<.....P..♣......... #
#..#..#.............
#..##............... ###
..#............
#...#.........^..


You could see an ogre.

Vanquished Creatures
  A howler monkey (D:4)
  A hound (D:4)
  4 orc wizards
  Terence (D:3)
  3 iguanas (D:4)
  Natasha (D:2)
  2 worker ants (D:4)
  5 adders
  3 gnolls
  2 worms
  3 dart slugs
  2 leopard geckos (D:3)
  12 orcs
  5 giant cockroaches
  5 goblins
  5 hobgoblins
  A jackal (D:4)
  A quokka (D:4)
  4 bats
  2 frilled lizards
  2 kobolds (D:1)
  9 rats
74 creatures vanquished.

Notes
Turn   | Place    | Note
-------+----------+-------------------------------------------
     0 | D:1      | Mgcat the Barachi Berserker began the quest for the Orb.
     0 | D:1      | Reached XP level 1. HP: 18/18 MP: 1/1
   217 | D:1      | Reached XP level 2. HP: 25/25 MP: 2/2
   222 | D:1      | Reached skill level 4 in Fighting
   392 | D:1      | Reached XP level 3. HP: 27/31 MP: 3/3
   397 | D:1      | Reached skill level 4 in Axes
  1291 | D:2      | Reached XP level 4. HP: 38/38 MP: 4/4
  1362 | D:2      | Found a shattered altar of Ashenzari.
  1362 | D:2      | Found a shadowy altar of Dithmenos.
  1367 | D:2      | Found a shimmering altar of Xom.
  1369 | D:2      | Found a radiant altar of Vehumet.
  1370 | D:2      | Found a sacrificial altar of Ru.
  1472 | D:2      | Found a glowing silver altar of Zin.
  1495 | D:2      | Noticed Natasha
  1508 | D:2      | Killed Natasha
  1508 | D:2      | Reached skill level 5 in Fighting
  1622 | D:3      | Reached XP level 5. HP: 44/44 MP: 5/5
  1623 | D:3      | Reached ** piety under Trog
  1721 | D:3      | Reached skill level 5 in Axes
  1789 | D:3      | Noticed Terence
  1801 | D:3      | Killed Terence
  1849 | D:3      | Reached skill level 6 in Fighting
  1864 | D:3      | Reached XP level 6. HP: 46/52 MP: 6/6
  1946 | D:3      | Found a snail-covered altar of Cheibriados.
  1999 | D:3      | Found an ornate altar of the Wu Jian Council.
  2263 | D:4      | Reached skill level 6 in Axes
  2514 | D:4      | Found a glowing golden altar of the Shining One.
  2602 | D:4      | Reached XP level 7. HP: 59/59 MP: 7/7
  2678 | D:4      | Found a stormy altar of Qazlal.
  2682 | D:4      | Noticed an air elemental
  2684 | D:4      | Noticed a fire elemental
  2684 | D:4      | Noticed a water elemental
  2710 | D:4      | Reached skill level 7 in Fighting
  2712 | D:4      | Reached skill level 1 in Throwing
  2872 | D:4      | HP: 6/60 [ogre/giant club (25)]
  2877 | D:4      | Mangled by an ogre

Skill      XL: |  1  2  3  4  5  6  7 |
---------------+----------------------+-----
Fighting       | 4 5 6 7 |  7.1
Axes           | 4 5 6 |  6.4
Throwing       | 1 |  1.2
Armour         | |  2.4
Dodging        | |  2.1

Action                   |  1- 3 |  4- 6 |  7- 9 || total
-------------------------+-------+-------+-------++-------
Melee: Hand axe          |    85 |   107 |    29 ||   221
Invok: Berserk           |     4 |     6 |     2 ||    12
       Burn Spellbooks   |       |     1 |       ||     1
 Abil: Hop               |       |       |     1 ||     1
  Use: Scroll            |     4 |     4 |       ||     8
 Stab: Sleeping          |     2 |       |       ||     2
  Eat: Chunk             |     6 |     9 |     4 ||    19
Armor: Animal skin       |    15 |       |       ||    15
       Chain mail        |       |    56 |    13 ||    69
Dodge: Dodged            |    48 |    28 |    14 ||    90

Vault maps used:
D:1:      onia_arrival_larder
D:2:      chequers_temple_overflow_minitemple, serial_bayou,
          serial_bayou_crossing, serial_bayou_pond_e, serial_bayou_ford_a,
          serial_bayou_pond_d, serial_bayou_pond_a, kennysheep_flooded_box,
          minmay_misc_feat_alley, grunt_ministairs_6, uniq_natasha
D:3:      lemuel_crystal_altar, lemuel_round_altar, uniq_terence
D:4:      nicolae_qazlal_style_of_elements, tso_metal_star, first_ration,
          serial_bayou_pond_b, doesnt_xom_only_xom

Table legend:
 A = Turns spent in this place as a percentage of turns spent in the entire game.
 B = Non-inter-level travel turns spent in this place as a percentage of non-inter-level travel turns spent in the entire game.
 C = Inter-level travel turns spent in this place as a percentage of turns spent in this place.
 D = Turns resting spent in this place as a percentage of non-inter-level travel turns spent in this place.
 E = Turns spent auto-exploring this place as a percentage of non-inter-level travel turns spent in this place.
 F = Non-inter-level travel turns spent in this place divided by the number of levels of this place that you've seen.
                   A       B       C       D       E      F
               +-------+-------+-------+-------+-------+----------------------
         Total | 100.0 | 100.0 |   3.6 |  12.3 |  47.7 | 693.5
       Dungeon | 100.0 | 100.0 |   3.6 |  12.3 |  47.7 | 693.5
               +-------+-------+-------+-------+-------+----------------------

Table legend:
 A = Kills in this place as a percentage of kills in entire the game.
 B = Kills by you in this place as a percentage of kills by you in the entire game.
 C = Kills by friends in this place as a percentage of kills by friends in the entire game.
 D = Other kills in this place as a percentage of other kills in the entire game.
 E = Experience gained in this place as a percentage of experience gained in the entire game.
 F = Experience gained in this place divided by the number of levels of this place that you have seen.
                   A       B       C       D       E      F
               +-------+-------+-------+-------+-------+----------------------
         Total | 100.0 | 100.0 |   N/A |   N/A | 100.0 | 182.0
       Dungeon | 100.0 | 100.0 |   N/A |   N/A | 100.0 | 182.0
               +-------+-------+-------+-------+-------+----------------------
